 Dungeon Crawl Stone Soup version 0.21.1-1-g345015f (webtiles) character file.

605 Yarrr the Poker (level 7, -3/62 HPs)
             Began as a Minotaur Fighter on June 9, 2018.
             Slain by an orc
             ... wielding a +0 war axe
              (5 damage)
             ... on level 4 of the Dungeon.
             The game lasted 00:26:02 (3222 turns).

Yarrr the Poker (Minotaur Fighter)                  Turns: 3222, Time: 00:26:04

Health: -3/62      AC:  8    Str: 21    XL:     7   Next: 19%
Magic:  6/6        EV:  7    Int: 10    God:
Gold:   138        SH:  9    Dex: 11    Spells: 6/6 levels left

rFire    . . .     SeeInvis .   h - -3 war axe (curse)
rCold    . . .     Gourm    .   c - +0 shield
rNeg     . . .     Faith    .   b - +0 scale mail
rPois    .         Spirit   .   (helmet restricted)
rElec    .         Reflect  .   (no cloak)
rCorr    .         Harm     .   k - +0 pair of gloves
MR       .....                  (no boots)
Stlth    ..........             (no amulet)
HPRegen  0.20/turn              (no ring)
MPRegen  0.10/turn              (no ring)

@: brilliant
A: retaliatory headbutt, horns 2
a: no special abilities


You were on level 4 of the Dungeon.
You were hungry.

You visited 1 branch of the dungeon, and saw 4 of its levels.

You collected 138 gold pieces.

Inventory:

Hand Weapons
 a - a +0 trident
 h - a cursed -3 war axe (weapon)
 p - a +1 falchion of holy wrath
Missiles
 i - 4 tomahawks (quivered)
Armour
 b - a +0 scale mail (worn)
 c - a +0 shield (worn)
 k - a +0 pair of gloves (worn)
 r - a +1 robe of fire resistance
 z - a +0 cloak of invisibility
Jewellery
 d - an uncursed ring of see invisible {unknown}
 m - a +4 amulet of reflection {unknown}
Scrolls
 g - a scroll of amnesia {unknown}
 j - 3 scrolls of identify {unknown}
 n - 4 scrolls of teleportation {unknown}
 o - a scroll of enchant armour {unknown}
 s - a scroll of enchant weapon {unknown}
 t - a scroll of remove curse {unknown}
 u - a scroll of fear {unknown}
 w - a scroll of random uselessness {unknown}
 y - a scroll of blinking {unknown}
Potions
 e - a potion of degeneration {unknown}
 l - a potion of brilliance
 v - a potion of curing
 x - a potion of resistance
 A - a potion of flight {unknown}
 B - a potion of heal wounds {unknown}
Comestibles
 f - 7 rations
 q - a chunk of flesh


   Skills:
 + Level 5.6 Fighting
 * Level 7.9 Polearms
 - Level 4.3 Armour
 - Level 4.2 Shields


You had 6 spell levels left.
You didn't know any spells.

Dungeon Overview and Level Annotations

Branches:
Dungeon (4/15)
 Temple: D:4-7

Altars:
Cheibriados
Hepliaklqana
Qazlal
Ru


Innate Abilities, Weirdness & Mutations

You reflexively headbutt those who attack you in melee.
You have a pair of horns on your head.


Message History

* * * LOW HITPOINT WARNING * * *
You block the goblin's attack.
The orc wizard begins to cast a cantrip, but forgets the words!
It was a potion of brilliance.
You feel clever all of a sudden. You block the orc wizard's attack.
You block the gnoll's attack. The goblin hits you but does no damage.
The orc wizard hits you but does no damage.
You are electrocuted!
* * * LOW HITPOINT WARNING * * *
You block the orc's attack.
The orc wizard hits you but does no damage.
You hit the orc wizard.
The orc wizard is almost dead.
You hit the orc. You closely miss the orc wizard. You closely miss the goblin.
You block the orc wizard's attack. You block the gnoll's attack.
The goblin barely misses you. The orc wizard hits you with a dagger.
* * * LOW HITPOINT WARNING * * *
The orc hits you with a war axe.
You die...

.((.≈.≈..≈≈≈≈≈.≈≈≈.≈≈.≈.≈≈..≈≈≈.≈
..(.≈≈≈≈≈≈≈≈≈≈≈≈≈≈≈≈≈≈≈≈≈≈)≈≈≈≈≈≈
....≈≈≈≈≈≈≈≈≈≈≈≈≈≈≈≈≈≈≈≈≈≈≈≈≈≈≈≈≈
....≈≈≈≈≈≈≈≈≈≈≈≈≈≈≈≈≈≈≈≈≈≈≈≈≈####
#''###########################
....# ....#.....## ....#
...'......##
....#########).og)g.#
....)#)......(.)@og.#
....)'.)....().))o..'...
....)#.....(........#...
....#########.......# . ....#
.'......## ....# ..#.....## #####
##########


You could see 2 orc wizards, a gnoll, an orc and 2 goblins.

Vanquished Creatures
  Menkaure (D:3)
  A scorpion (D:4)
  A bullfrog skeleton (D:4)
  2 orc priests (D:2)
  Crazy Yiuf (D:4)
  An iguana (D:4)
  2 orc wizards (D:2)
  A worker ant (D:4)
  4 gnolls (D:4)
  7 adders
  3 worms
  3 dart slugs
  A leopard gecko (D:2)
  3 orcs
  A ball python (D:1)
  3 giant cockroaches
  23 goblins
  20 hobgoblins
  2 jackals
  A quokka (D:4)
  4 bats
  5 frilled lizards
  5 kobolds
  A quokka skeleton (D:4)
  4 rats
100 creatures vanquished.

Notes
Turn   | Place    | Note
-------+----------+-------------------------------------------
     0 | D:1      | Yarrr the Minotaur Fighter began the quest for the Orb.
     0 | D:1      | Reached XP level 1. HP: 19/19 MP: 0/0
   101 | D:1      | Reached skill level 3 in Polearms
   201 | D:1      | Reached XP level 2. HP: 26/26 MP: 1/1
   481 | D:2      | Reached skill level 4 in Polearms
   836 | D:3      | Reached XP level 3. HP: 31/31 MP: 2/2
  1146 | D:2      | Reached skill level 5 in Polearms
  1183 | D:2      | Reached XP level 4. HP: 26/40 MP: 3/3
  1250 | D:2      | Reached XP level 5. HP: 24/46 MP: 4/4
  1462 | D:2      | Found a sacrificial altar of Ru.
  2201 | D:3      | Reached skill level 6 in Polearms
  2257 | D:3      | Found a stormy altar of Qazlal.
  2346 | D:4      | Noticed Menkaure
  2533 | D:3      | Found a hazy altar of Hepliaklqana.
  2593 | D:3      | Killed Menkaure
  2593 | D:3      | Reached XP level 6. HP: 54/55 MP: 5/5
  2625 | D:4      | Reached skill level 5 in Fighting
  2625 | D:4      | Reached skill level 7 in Polearms
  2665 | D:4      | Found a runed door.
  2669 | D:4      | Noticed Crazy Yiuf
  2672 | D:4      | Killed Crazy Yiuf
  2698 | D:4      | Found a snail-covered altar of Cheibriados.
  2829 | D:4      | Reached XP level 7. HP: 51/61 MP: 6/6
  3221 | D:4      | HP: 3/62 [orc wizard/dagger of electrocution (9)]
  3222 | D:4      | Slain by an orc

Skill      XL: |  1  2  3  4  5  6 |
---------------+-------------------+-----
Polearms       | 3 4 5 6 7 |  7.9
Fighting       | 4 5 |  5.6
Armour         | 4 |  4.3
Shields        | 4 |  4.2

Action                   |  1- 3 |  4- 6 |  7- 9 || total
-------------------------+-------+-------+-------++-------
Melee: Trident           |    84 |   109 |    54 ||   247
       Headbutt          |    12 |    22 |     9 ||    43
       War axe           |       |       |    27 ||    27
Throw: Tomahawk          |       |     9 |     3 ||    12
  Use: Potion            |       |     1 |     2 ||     3
  Eat: Chunk             |     1 |     5 |     1 ||     7
Armor: Scale mail        |    20 |    35 |    58 ||   113
Dodge: Dodged            |    19 |    14 |    30 ||    63
Block: Shield            |    21 |    43 |    76 ||   140
